 Dungeon Crawl Stone Soup version 0.26.1-2-gb8aa6d0cf2 (webtiles) character file.

Game seed: 16802231577918456784

147 ubername the Cutter (level 5, 0/42 HPs)
             Began as a Merfolk Monk on Feb 28, 2021.
             Was a Priest of Wu Jian.
             Killed from afar by an orc wizard (5 damage)
             ... with a puff of flame
             ... on level 3 of the Dungeon.
             The game lasted 00:05:20 (3627 turns).

ubername the Cutter (Merfolk Monk)                  Turns: 3627, Time: 00:05:20

Health: 0/42       AC:  2    Str: 17    XL:     5   Next: 29%
Magic:  5/5        EV: 14    Int:  9    God:    Wu Jian [***...]
Gold:   191        SH:  4    Dex: 18    Spells: 4/4 levels left

rFire    . . .     SeeInvis .   a - +1 short sword
rCold    . . .     Faith    .   j - +0 buckler
rNeg     . . .     Spirit   .   b - +0 robe
rPois    .         Reflect  .   (no helmet)
rElec    .         Harm     .   (no cloak)
rCorr    .         Rampage  .   (no gloves)
Will     .....     Rnd*Tele +   (no boots)
Stlth    +++.......             (no amulet)
HPRegen  0.14/turn              f - +6 ring of strength
MPRegen  0.09/turn              n - ring of teleportation

@: no status effects
A: change form in water, swift swim, stealthy swim
a: Renounce Religion, Wall Jump, Serpent's Lash


You were on level 3 of the Dungeon.
You worshipped Wu Jian.
Wu Jian was most pleased with you.
You visited 2 branches of the dungeon, and saw 5 of its levels.

You collected 191 gold pieces.

Inventory:

Hand Weapons
 a - a +1 short sword (weapon)
Missiles
 c - 123 stones (quivered)
 p - 8 boomerangs
Armour
 b - a +0 robe (worn)
 j - a +0 buckler (worn)
 r - a +0 leather armour
Jewellery
 f - a +6 ring of strength (left hand)
 n - a ring of teleportation (right hand)
Scrolls
 d - a scroll of enchant weapon
 e - 2 scrolls of teleportation
 g - 2 scrolls of remove curse
 h - a scroll of noise {unknown}
 i - a scroll of enchant armour {unknown}
 l - 4 scrolls of identify {unknown}
 o - a scroll of blinking {unknown}
 v - a scroll of magic mapping {unknown}
 w - a scroll of immolation {unknown}
Potions
 k - a potion of haste {unknown}
 m - a potion of cancellation {unknown}
 q - a potion of degeneration {unknown}
 s - 2 potions of curing {unknown}
 t - a potion of heal wounds {unknown}
 u - a potion of flight {unknown}
 x - a potion of mutation {unknown}


   Skills:
 + Level 4.1 Fighting
 + Level 5.2 Short Blades
 + Level 4.6 Dodging
 + Level 3.6 Stealth
 + Level 0.3 Shields


You had 4 spell levels left.
You didn't know any spells.
Your spell library was empty.

Dungeon Overview and Level Annotations

Branches:
Dungeon (4/15)             Temple (1/1) D:4

Altars:
Gozag
Nemelex Xobeh
Ru
Wu Jian
Yredelemnul


Message History

The orc wizard barely misses you.
The orc wizard gestures wildly while chanting.
The orc wizard blinks!
You block the orc wizard's attack.
The orc wizard points at you and mumbles some strange words.
The magic dart hits you.
* * * LOW HITPOINT WARNING * * *
The orc wizard begins to cast a cantrip, but forgets the words!
The orc wizard miscasts a cantrip.
There is a stone staircase leading up here.
The orc wizard hits you with a +1 dagger of holy wrath.
* * * LOW HITPOINT WARNING * * *
The orc wizard closely misses you.
You climb upwards.
There is a stone staircase leading down here.
You hit the orc wizard.
The orc wizard is moderately wounded.
The orc wizard points at you and mumbles some strange words.
The puff of flame hits you.
You die...

#.#####.##......###
#.......##.....##
##...#####.....#
#.### ####### #.#
#.# #.#######
#.#.....#
#@#.###.##########
#o................
###.###.##########
#.....# ####### ###
#.. #..


You could see an orc wizard (fast).

Vanquished Creatures
  5 adders
  3 oozes
  2 leopard geckos
  4 orcs (D:3)
  5 ball pythons
  7 bats
  4 giant cockroaches
  10 goblins
  4 hobgoblins
  12 jackals
  8 kobolds
  2 quokkas (D:3)
  3 frilled lizards
  10 rats
79 creatures vanquished.

Vanquished Creatures (others)
  A plant (D:2)
1 creature vanquished.

Grand Total: 80 creatures vanquished

Notes
Turn   | Place    | Note
-------+----------+-------------------------------------------
     0 | D:1      | ubername the Merfolk Monk began the quest for the Orb.
     0 | D:1      | Reached XP level 1. HP: 18/18 MP: 1/1
   411 | D:1      | Reached XP level 2. HP: 18/24 MP: 2/2
   659 | D:1      | Reached skill level 4 in Short Blades
   989 | D:1      | Reached XP level 3. HP: 30/30 MP: 3/3
  1193 | D:2      | Found an ornate altar of the Wu Jian Council.
  1201 | D:2      | Became a worshipper of the Wu Jian Council
  1201 | D:2      | Reached * piety under Wu Jian
  1201 | D:2      | Reached ** piety under Wu Jian
  1393 | D:2      | Found a sacrificial altar of Ru.
  1634 | D:2      | Reached XP level 4. HP: 37/37 MP: 4/4
  1821 | D:2      | Found an opulent altar of Gozag.
  2737 | D:3      | Reached XP level 5. HP: 19/42 MP: 5/5
  2740 | D:3      | Reached skill level 5 in Short Blades
  3246 | D:3      | Reached *** piety under Wu Jian
  3423 | D:3      | Found a basalt altar of Yredelemnul.
  3538 | D:4      | Found a staircase to the Ecumenical Temple.
  3561 | Temple   | Entered the Ecumenical Temple
  3627 | D:3      | Killed from afar by an orc wizard

Illustrated notes

Levels and vault maps discovered:
D:1:      dpeg_arrival_rhombi, layout_loops_ring
D:2:      layout_loops_corners, general_overflow_altar,
          nzn_wu_jian_council_hall, lemuel_round_altar,
          minmay_shallow_snake_nest
D:3:      layout_loops_cross, lemuel_coloured_pillars_altar,
          portal_sewer_entry_c
D:4:      layout_rooms, minmay_temple_entry_large_hall, kennysheep_cross_room
Temple:   dshaligram_water_room_temple

Skill      XL: |  1  2  3  4  5 |
---------------+----------------+-----
Short Blades   | 4 5 |  5.2
Stealth        | 3 |  3.6
Fighting       | 4 |  4.1
Dodging        | |  4.6
Shields        | |  0.3

Action                   |  1- 3 |  4- 6 || total
-------------------------+-------+-------++-------
Melee: Short sword       |   115 |   137 ||   252
Invok: Whirlwind         |    11 |    29 ||    40
       Lunge             |     3 |     4 ||     7
 Abil: Wall Jump         |       |     3 ||     3
  Use: Scroll            |       |     3 ||     3
 Stab: Sleeping          |     9 |     9 ||    18
Armor: Robe              |    17 |    17 ||    34
Dodge: Dodged            |    81 |    87 ||   168
Block: Buckler           |     6 |    17 ||    23
